 Dungeon Crawl Stone Soup version 0.31.0-32-g396128a36d (webtiles) character file.

Game seed: 3265956030534222742

330 PaiMei the Gusty (level 6, -2/36 HPs)
             Began as a Tengu Air Elementalist on Mar 15, 2024.
             Was an Initiate of Vehumet.
             Slain by a lemure (4 damage)
             ... led by Pikel
             ... on level 3 of the Dungeon.
             The game lasted 00:06:16 (3881 turns).

PaiMei the Gusty (Tengu Air Elementalist)           Turns: 3881, Time: 00:06:17

Health: -2/36      AC:  2    Str: 14    XL:     6   Next: 51%
Magic:  7/12       EV: 13    Int: 17    God:    Vehumet [......]
Gold:   177        SH:  0    Dex: 15    Spells: 8/11 levels left

rFire   . . .        j - +1 dagger (flame)
rCold   . . .        (no shield)
rNeg    . . .        a - +0 robe
rPois   .            (helmet restricted)
rElec   .            (no cloak)
rCorr   .            (no gloves)
SInv    .            (boots unavailable)
Will    .....        k - amulet of regeneration
Stlth   ++           f - +6 ring of strength
HPRegen 1.06/turn    (no ring)
MPRegen 0.13/turn

%: acrobat
@: no status effects
A: beak, talons 3, acrobatic
a: Renounce Religion


You were on level 3 of the Dungeon.
You worshipped Vehumet.
Vehumet was noncommittal.
You visited 2 branches of the dungeon, and saw 5 of its levels.

You collected 177 gold pieces.

Inventory:

Hand Weapons
 j - a +1 dagger of flaming (weapon)
Missiles
 q - a throwing net
Armour
 a - a +0 robe (worn)
Jewellery
 f - a +6 ring of strength (left hand)
 k - an amulet of regeneration (around neck)
 n - a ring of see invisible
Scrolls
 d - a scroll of enchant weapon {unknown}
 e - a scroll of fear {unknown}
 g - a scroll of amnesia {unknown}
 h - 4 scrolls of identify {unknown}
 l - a scroll of revelation {unknown}
 o - a scroll of vulnerability {unknown}
 p - a scroll of teleportation {unknown}
 r - a scroll of acquirement {unknown}
Potions
 b - a potion of magic
 c - a potion of brilliance {unknown}
 i - 3 potions of curing {unknown}
 m - a potion of attraction {unknown}


   Skills:
 + Level 2.7 Fighting
 + Level 4.1 Dodging
 - Level 2.1 Stealth
 + Level 3.4 Spellcasting
 - Level 1.7 Conjurations
 + Level 5.7 Air Magic


You had 8 spell levels left.
You knew the following spells:

 Your Spells              Type           Power      Damage    Failure   Level
a - Shock                 Conj/Air       60%        1d6       3%          1
b - Static Discharge      Conj/Air       30%        3-5/arc   5%          2

Your spell library contained the following spells:

 Spells                   Type           Power      Damage    Failure   Level
 Swiftness                Air            22%        N/A       4%          3
 Airstrike                Air            11%        2d(2-18)  16%         4
 Freeze                   Ice            8%         1d3       17%         1
 Hailstorm                Conj/Ice       5%         3d5       34%         3
 Call Canine Familiar     Summ           2%         N/A       45%         3
 Frozen Ramparts          Ice            4%         1d1       45%         3
 Sigil of Binding         Hex            2%         N/A       45%         3
 Volatile Blastmotes      Fire/Tloc      4%         2d10      45%         3
 Fulminant Prism          Conj/Alch      2%         3d5       75%         4
 Iskenderun's Mystic Bla  Conj/Tloc      5%         2d3       75%         4
 Dimensional Bullseye     Hex/Tloc       1%         N/A       86%         4
 Sculpt Simulacrum        Ice/Alch       1%         N/A       100%        6
 Ozocubu's Refrigeration  Ice            1%         4d7       100%        7
 Polar Vortex             Ice            1%         N/A       100%        9


Dungeon Overview and Level Annotations

Branches:
Dungeon (4/15)             Temple (1/1) D:4

Altars:
Ashenzari
Cheibriados
Dithmenos
Elyvilon
Fedhas
Gozag
Hepliaklqana
Makhleb
Nemelex Xobeh
Qazlal
Ru
Sif Muna
Trog
Uskayaw
Vehumet
Wu Jian
Xom
Zin
The Shining One

Annotations:
D:3 Grinder
D:4 Pikel


Innate Abilities, Weirdness & Mutations

You have a beak for a mouth.
You have claws for feet.
You can magically evade attacks while moving or waiting.


Message History

You peck the lemure.
The lemure is heavily wounded.
The lemure hits you.
* * * LOW HITPOINT WARNING * * *
The lemure barely misses you. The lemure closely misses you.
The lemure barely misses you.
You climb upwards.
Level annotation: Grinder
There is a stone staircase leading down here.
You closely miss the lemure. You claw the lemure. Your peck misses the lemure.
You punch the lemure, but do no damage.
The lemure is severely wounded.
The lemure misses you.
You closely miss the lemure. Your kick misses the lemure.
The lemure is severely wounded.
The lemure closely misses you.
You completely miss the lemure.
The lemure is severely wounded.
The lemure hits you.
* * * LOW HITPOINT WARNING * * *
Casting: Shock (safe; 3% risk of failure)
Confirm with . or Enter, or press ? or * to list all spells.
Aiming: Shock (safe; 3% risk of failure)
Press: ? - help, Shift-Dir - straight line, f - lemure
Aim: a lemure (severely wounded, 64% to hit)
The zap hits the lemure.
The lemure is severely wounded.
The zap hits the lemure.
The lemure is heavily wounded.
The lemure hits you!
* * * LOW HITPOINT WARNING * * *
Casting: Shock (safe; 3% risk of failure)
Confirm with . or Enter, or press ? or * to list all spells.
Aiming: Shock (safe; 3% risk of failure)
Press: ? - help, Shift-Dir - straight line, f/p - lemure
Aim: a lemure (severely wounded, 64% to hit)
The zap misses the lemure.
The zap hits the lemure.
The lemure is severely wounded.
The lemure hits you.
You die...

###### ### #....#
#########@# #....###
#....†..#5#########.......
#.#.....#5................
#.#.###.#.#########......#
#<#.#...#.# #.....<#
#####.#.#.#.# #.....##
#.......#.#)# #.....#
#.###.....#.###############
#.#########)##......#


You could see 2 lemures.

Vanquished Creatures
  A scorpion (D:3)
  A hound (D:4)
  Jessica (D:2)
  Terence (D:2)
  Robin (D:4)
  3 gnolls (D:3)
  5 adders
  A dart slug (D:2)
  2 ribbon worms
  12 orcs
  6 endoplasms
  2 giant cockroaches
  13 goblins
  9 hobgoblins
  5 jackals (D:2)
  5 quokkas
  4 ball pythons
  2 bats
  3 frilled lizards
  8 kobolds
  4 rats (D:3)
89 creatures vanquished.

Notes
Turn   | Place    | Note
-------+----------+-------------------------------------------
     0 | D:1      | PaiMei the Tengu Air Elementalist began the quest for the
                  | Orb.
     0 | D:1      | Reached XP level 1. HP: 10/10 MP: 4/4
   363 | D:1      | Reached XP level 2. HP: 15/15 MP: 1/6
  1058 | D:2      | Reached XP level 3. HP: 20/20 MP: 2/7
  1332 | D:2      | Reached skill level 1 in Fighting
  1349 | D:2      | Noticed Jessica
  1359 | D:2      | Killed Jessica
  1360 | D:2      | Reached XP level 4. HP: 24/25 MP: 0/8
  1461 | D:2      | Noticed Terence
  2052 | D:2      | Killed Terence
  2053 | D:2      | Reached skill level 5 in Air Magic
  2053 | D:2      | Reached XP level 5. HP: 13/30 MP: 0/10
  2411 | D:3      | Learned a level 2 spell: Static Discharge
  3176 | D:3      | Noticed Grinder
  3398 | D:3      | Reached XP level 6. HP: 29/36 MP: 1/11
  3507 | D:4      | Noticed Robin
  3514 | D:4      | Killed Robin
  3650 | D:4      | Found a staircase to the Ecumenical Temple.
  3661 | Temple   | Entered the Ecumenical Temple
  3667 | Temple   | Became a worshipper of Vehumet
  3697 | D:4      | Found a glowing silver altar of Zin.
  3697 | D:4      | Found a snail-covered altar of Cheibriados.
  3853 | D:4      | Noticed Pikel
  3880 | D:3      | HP: 1/36 [lemure[Pikel] (7)]
  3881 | D:3      | Slain by a lemure

Illustrated notes

Levels and vault maps discovered:
D:1:      amcnicky_arrival_wind_blow, layout_loops_cross, minmay_pentomino_w2
D:2:      layout_basic, minmay_misc_feat_nine_boxes, uniq_jessica, uniq_terence
D:3:      layout_basic, minivault_23, uniq_grinder
D:4:      layout_rooms, mainiacjoe_overflow_large_starburst,
          minmay_temple_entry_overgrown, nicolae_zig_zag_zippers, uniq_pikel,
          uniq_robin, uniq_crazy_yiuf_cottage
Temple:   nicolae_temple_bog_church

Skill      XL: |  1  2  3  4  5  6 |
---------------+-------------------+-----
Fighting       | 1 2 |  2.7
Dodging        | 3 4 |  4.1
Air Magic      | 5 |  5.7
Spellcasting   | 3 |  3.4
Stealth        | |  2.1
Conjurations   | |  1.7

Action                     |  1- 3 |  4- 6 || total
---------------------------+-------+-------++-------
  Melee: Dagger            |    10 |    26 ||    36
         Peck              |     2 |     4 ||     6
         Kick              |       |     6 ||     6
         Punch             |       |     2 ||     2
   Cast: Shock             |    57 |   135 ||   192
         Static Discharge  |       |     1 ||     1
 Armour: Robe              |     3 |    41 ||    44
  Dodge: Dodged            |    11 |    52 ||    63
